 Dungeon Crawl Stone Soup version 0.31-a0-988-g08d55dae12 (console) character file.

Game seed: 4284642689217711306

2744 Chek the Thaumaturge (level 9, -4/66 HPs)
             Began as a Mummy Wanderer on June 23, 2023.
             Was a Priest of Sif Muna.
             Killed from afar by a steam dragon (12 damage)
             ... with a ball of steam
             ... on level 6 of the Dungeon on Nov 5, 2023.
             The game lasted 00:40:00 (7197 turns).

Chek the Thaumaturge (Mummy Wanderer)               Turns: 7197, Time: 00:40:01

Health: -4/66      AC:  9    Str: 16    XL:     9   Next: 41%
Magic:  10/21      EV:  9    Int: 13    God:    Sif Muna [***...]
Gold:   435        SH:  0    Dex: 13    Spells: 19/24 levels left

rFire   . . .        a - +2 spear
rCold   + . .        (no shield)
rNeg    + + +        d - +0 scale mail
rPois   ∞            (no helmet)
rElec   .            w - +0 cloak
rCorr   .            i - +0 pair of gloves
SInv    .            b - +0 pair of boots
Will    +....        u - amulet of regeneration
Stlth   +            n - ring of protection from cold
HPRegen 1.11/turn    t - ring of fire
MPRegen 0.17/turn

%: faith
@: very slightly contaminated
A: cold resistance 1, negative energy resistance 3, torment resistance 2, heat
vulnerability 1, in touch with death 1, no potions, faith
a: Renounce Religion, Channel Magic, Forget Spell


You were on level 6 of the Dungeon.
You worshipped Sif Muna.
Sif Muna was most pleased with you.
You visited 2 branches of the dungeon, and saw 8 of its levels.
You also visited: Sewer.

You collected 435 gold pieces.

Inventory:

Hand Weapons
 a - a +2 spear (weapon)
 h - a +0 quarterstaff
 r - a +2 dagger of venom
Missiles
 q - 3 curare-tipped darts
Armour
 b - a +0 pair of boots (worn)
 d - a +0 scale mail (worn)
 i - a +0 pair of gloves (worn)
 m - a +0 ring mail
 w - a +0 cloak (worn)
 C - a +0 buckler
Jewellery
 n - a ring of protection from cold (left hand)
 t - a ring of fire (right hand)
 u - an amulet of regeneration (around neck)
 B - a ring of protection from cold
Wands
 g - a wand of mindburst (13)
 p - a wand of iceblast (13)
 s - a wand of flame (2)
Scrolls
 c - a scroll of enchant armour {unknown}
 e - 2 scrolls of torment {unknown}
 f - 4 scrolls of poison
 j - 3 scrolls of identify {unknown}
 k - 2 scrolls of teleportation
 l - a scroll of butterflies {unknown}
 o - a scroll of enchant weapon {unknown}
 v - a scroll of blinking
 x - a scroll of fear {unknown}
 y - a scroll of amnesia {unknown}
 z - a scroll of vulnerability {unknown}
 A - a scroll of noise {unknown}


   Skills:
 + Level 4.4 Fighting
 - Level 6.0(6.5) Polearms
 * Level 3.8(5.4) Staves
 - Level 2.4 Armour
 - Level 1.5 Dodging
 - Level 3.0 Stealth
 + Level 8.3 Spellcasting
 * Level 3.8 Poison Magic


You had 19 spell levels left.
You knew the following spells:

 Your Spells              Type           Power      Damage    Failure   Level
a - Foxfire               Conj/Fire      32%        2x1d5     43%         1
b - Olgreb's Toxic Radia  Pois           15%        N/A       67%         4

Your spell library contained the following spells:

 Spells                   Type           Power      Damage    Failure   Level
 Sting                    Tmut/Pois      40%        1d5       22%         1
 Poisonous Vapours        Pois/Air       20%        N/A       32%         2
 Magic Dart               Conj           20%        1d4       43%         1
 Searing Ray              Conj           10%        2d4       58%         2
 Dazzling Flash           Conj/Hex       10%        N/A       82%         3
 Fulminant Prism          Conj/Hex       2%         3d5       99%         4
 Summon Hydra             Summ           2%         N/A       100%        7
 Sublimation of Blood     Necr           Unusable   N/A       N/A         2
 Wereblood                Tmut           Unusable   N/A       N/A         2

Dungeon Overview and Level Annotations

Branches:
Dungeon (7/15)             Temple (1/1) D:4           Sewer (visited)

Altars:
Ashenzari
Dithmenos
Fedhas
Gozag
Hepliaklqana
Makhleb
Okawaru
Qazlal
Sif Muna
Vehumet
Wu Jian
Xom

Shops:
D:4 :

Annotations:
D:3 exclusion: oklob plant


Innate Abilities, Weirdness & Mutations

You are immune to poison.
Your flesh is cold resistant. (rC+)
You are immune to negative energy. (rN+++)
You are immune to unholy pain and torment.
You are vulnerable to heat. (rF-)
You are in touch with the powers of death.
You do not drink.
You have a special connection with the divine. (Faith)


Message History

There is a stone staircase leading up here.
You miscast Olgreb's Toxic Radiance.
You are very lightly contaminated with residual magic.
You feel incredibly sick. You resist.
The steam dragon bites you but does no damage.
The steam dragon claws you.
You miscast Olgreb's Toxic Radiance.
You feel rather nauseous for a moment. You resist.
The steam dragon barely misses you.
The steam dragon claws you but does no damage.
You begin to radiate toxic energy.
The steam dragon is poisoned.
The steam dragon looks even sicker.
The steam dragon breathes steam at you. The ball of steam hits you!
You are engulfed in a cloud of scalding steam.
Your toxic aura wanes.
The steam dragon breathes steam at you. The ball of steam hits you!
You climb upwards.
There is a stone staircase leading down here.
You hit the steam dragon.
The steam dragon is heavily wounded.
The steam dragon bites you!
The steam dragon claws you but does no damage.
You hit the steam dragon.
The steam dragon is severely wounded.
The steam dragon bites you. The steam dragon barely misses you.
You hit the steam dragon.
The steam dragon is almost dead.
The steam dragon bites you! The steam dragon barely misses you.
You hit the steam dragon but do no damage.
The steam dragon is almost dead.
The steam dragon breathes steam at you. The ball of steam hits you!
You die...

######### #.......# #######################
#########.#####.# ......#...............# ###.....).....#
#.# #####...######.######.# ############.#.#######.#.###.#
##...######.#### #.# #............).## #.......#
#..............# #.# #.#.###.##..@...## ###.#####
##...######.##.# #.# #.#.# #.##.D.....## #.# ##..# #.##.#
#.# #.#.# #...........# #.# #..######.##.###.#
#.#.######.#.....## #.# #...........)>...#
#.#........#....## #.# ##+##########)#####
#.##########'#.## #.# ##...## #(.# #....######...## #.#
##.....## ###.# #.......##.....## ###.# ##.......## ##.#.#
##...^^.#.......## ##.#.#
##.........####....##########...^_^.......[..####....#
.'.........'....................^^^..........'.......#
##.........####....#########.................####....######
###.......## ##.#.# #..#..####....(..## #.........# #
##.....## ###.# #.###.# ##.....## #.##.####.# # ##...##
#..# #..#..# ##...## #.##.## #.# # ##'## #.## #..)..# ##'##
#.#...# #.# #.# #.# ###.### #.# #.#...# #.# #.# #.#
#.#########.########.#...###.# ##.## #.#
#.##..............##.........# ##...## #.#
#.##.###.....####.######.##### #.....# #.#
#.##.###......###.######.# #####...#########.#
#.##.#...................# #..............##.#
#......#.....<....######## .....#.###........#
####.....##.####### #.##.......###.#### ########.#
#)####.##### #.# #.# #.# #.# #.# #.# #.####.#######.# #.#
########## #..............# ########### #.# #........#
######.######### #.........# #(# ####.######.# ###
#.#......# #.........# #.# ##.##.#### #.# #.##
#.#.####.##### #..#####>.# #.# #........# #.#
.#.###.#..........# #..# #..### ##.####.##.##.# #.#
###.......###.###.# #..# #....####...###.##.##.# #.#


You could see a steam dragon (very poisoned, catching breath).

Vanquished Creatures
  Pikel (D:6)
  Menkaure (D:6)
  Edmund (D:4)
  A water moccasin (D:6)
  A sky beast (D:7)
  2 ice beasts (D:7)
  3 ogres
  A centaur (D:5)
  2 phantoms
  2 bullfrogs
  2 scorpions
  4 killer bees (D:6)
  A hound (D:4)
  A jelly (D:4)
  2 gnoll boudas
  2 orc priests
  Jessica (D:3)
  Natasha (twice) (D:3)
  A sleepcap (D:6)
  Terence (D:3)
  2 iguanas
  4 orc wizards
  Robin (D:4)
  6 gnolls
  9 adders
  2 white imps
  An ufetubus (D:2)
  3 dart slugs
  22 orcs
  4 bats
  10 endoplasms
  10 giant cockroaches
  9 hobgoblins
  2 jackals (D:5)
  7 kobolds
  10 quokkas
  9 ball pythons
  10 frilled lizards
  18 goblins
  4 rats
175 creatures vanquished.

Notes
Turn   | Place    | Note
-------+----------+-------------------------------------------
     0 | D:1      | Chek the Mummy Wanderer began the quest for the Orb.
     0 | D:1      | Chek set off with the following items: a +2 spear, a +0
                  | pair of boots, a scroll of fog, a +0 leather armour; and
                  | the following spell memorised: Foxfire; and the following
                  | spells available to memorise: Dazzling Flash.
     0 | D:1      | Reached XP level 1. HP: 13/13 MP: 4/4
    49 | D:1      | Reached XP level 2. HP: 17/19 MP: 5/5
   533 | D:2      | Gained mutation: You are in touch with the powers of death.
                  | [Mummy growth]
   533 | D:2      | Reached XP level 3. HP: 21/24 MP: 7/7
  1018 | D:3      | Noticed Terence
  1048 | D:3      | Killed Terence
  1049 | D:3      | Reached XP level 4. HP: 10/30 MP: 8/8
  1335 | D:3      | Reached XP level 5. HP: 34/35 MP: 9/9
  1424 | D:3      | Noticed Jessica
  1429 | D:3      | Killed Jessica
  1430 | D:3      | Reached skill level 5 in Polearms
  1510 | D:3      | Noticed a phantom
  1598 | D:3      | Found an iron altar of Okawaru.
  1648 | D:3      | Found a blossoming altar of Fedhas.
  1669 | D:3      | Noticed an oklob plant
  1936 | D:4      | Found a staircase to the Ecumenical Temple.
  1947 | Temple   | Entered the Ecumenical Temple
  1984 | Temple   | Upgraded the game from 0.31-a0-188-g5e087ee2ca to
                  | 0.31-a0-988-g08d55dae12
  1998 | Temple   | Became a worshipper of Sif Muna the Loreminder
  2108 | D:4      | Reached XP level 6. HP: 42/42 MP: 10/10
  2166 | D:4      | Found Juibu's Book Boutique.
  2258 | D:3      | Reached skill level 1 in Fighting
  2258 | D:3      | Reached skill level 1 in Stealth
  2299 | D:3      | Noticed Natasha
  2305 | D:3      | Killed Natasha
  2337 | D:3      | Noticed Natasha
  2347 | D:3      | Killed Natasha
  2766 | D:4      | Noticed Robin
  2783 | D:4      | Killed Robin
  2976 | Temple   | HP: 2/44 [gnoll bouda/+0 whip (4)]
  3464 | D:4      | Reached XP level 7. HP: 51/51 MP: 11/11
  3485 | D:4      | Noticed Edmund
  3509 | D:4      | Killed Edmund
  3509 | D:4      | Reached * piety under Sif Muna
  3793 | D:5      | Entered Level 5 of the Dungeon
  3860 | D:5      | Reached skill level 3 in Spellcasting
  3989 | D:5      | Reached skill level 4 in Spellcasting
  4070 | D:5      | Reached skill level 5 in Spellcasting
  4149 | D:5      | Reached skill level 6 in Spellcasting
  4149 | D:5      | Reached XP level 8. HP: 46/58 MP: 15/17
  4285 | D:5      | Found a glowing drain.
  4312 | Sewer    | Entered a sewer
  4345 | Sewer    | Reached ** piety under Sif Muna
  4581 | Sewer    | Reached skill level 7 in Spellcasting
  5813 | D:6      | Found a burning altar of Makhleb.
  5813 | D:6      | Found an ornate altar of the Wu Jian Council.
  5871 | D:6      | Reached skill level 1 in Poison Magic
  5882 | D:6      | Reached skill level 1 in Staves
  5885 | D:6      | Noticed Menkaure
  5890 | D:6      | Killed Menkaure
  5891 | D:6      | Noticed Pikel
  5991 | D:6      | Reached *** piety under Sif Muna
  6178 | D:6      | Found a shimmering altar of Xom.
  6382 | D:6      | Killed Pikel
  6383 | D:6      | Reached XP level 9. HP: 65/65 MP: 20/20
  6461 | D:6      | Learned a level 4 spell: Olgreb's Toxic Radiance
  6525 | D:7      | Reached skill level 8 in Spellcasting
  7197 | D:6      | Killed from afar by a steam dragon

Illustrated notes

Levels and vault maps discovered:
D:1:      ncdulo_halloftheorcs, layout_rooms, columned_hall_lemuel
D:2:      layout_rooms, grunt_decor_one_mirror, minmay_misc_feat_plants
D:3:      layout_rooms, kennysheep_okawaru_gauntlet, tgw_fedhas,
          kennysheep_generic_room_3, uniq_jessica, uniq_natasha, uniq_terence
D:4:      layout_loops_ring, minmay_temple_entry_slanted, serial_shops, shop,
          nicolae_elevator_lobby_plus, uniq_edmund, uniq_robin
D:5:      layout_gridville, mainiacjoe_sewer_entry_somewhere_in_here_1,
          hangedman_decor_lopped
D:6:      layout_loops_corners, xom_teletrap_fun,
          mainiacjoe_overflow_divided_tiny, uniq_menkaure, uniq_pikel
D:7:      layout_rooms, nicolae_ru_path_of_blood,
          nicolae_overflow_crystal_walls, uniq_crazy_yiuf_cottage
Temple:   nicolae_temple_ecumenical_triangle

Skill      XL: |  1  2  3  4  5  6  7  8  9 |
---------------+----------------------------+-----
Polearms       | 3 4 5 6 |  6.0
Fighting       | 2 3 4 |  4.4
Stealth        | 2 3 |  3.0
Spellcasting   | 6 7 8 |  8.3
Poison Magic   | 2 3 |  3.8
Staves         | 2 3 |  3.8
Armour         | |  2.4
Dodging        | |  1.5

Action                     |  1- 3 |  4- 6 |  7- 9 || total
---------------------------+-------+-------+-------++-------
  Melee: Spear             |   166 |   373 |   485 ||  1024
         Punch             |     2 |     4 |     8 ||    14
         Dagger            |       |       |    30 ||    30
  Throw: Dart              |       |       |     8 ||     8
   Cast: Olgreb's Toxic Ra |       |       |     1 ||     1
  Evoke: Wand              |       |       |    15 ||    15
    Use: Scroll            |       |     2 |     1 ||     3
 Armour: Ring mail         |    17 |       |       ||    17
         Chain mail        |    57 |   163 |    42 ||   262
         Scale mail        |       |       |   293 ||   293
  Dodge: Dodged            |    50 |    72 |   178 ||   300

Table legend: (Time is in decaauts)
 A = Elapsed time spent in this place.
 B = Non-inter-level travel time spent in this place.
 C = Inter-level travel time spent in this place.
 D = Time resting spent in this place.
 E = Time spent auto-exploring this place.
 F = Levels seen in this place.
 G = Mean time per level.
                   A        B        C        D        E       F      G
               +--------+--------+--------+--------+--------+-----+--------+
         Total |   7168 |   6517 |    651 |    765 |   3243 |   9 |  796.4 |
       Dungeon |   6149 |   5521 |    628 |    534 |   2816 |   7 |  878.4 |
        Temple |    301 |    278 |     23 |    231 |     32 |   1 |  301.0 |
         Sewer |    717 |    717 |      0 |      0 |    395 |   1 |  717.0 |
               +--------+--------+--------+--------+--------+-----+--------+

Top non-repeatable levels by time:
     D:6: 1275 daAuts
     D:4: 1196 daAuts
     D:5: 1066 daAuts
     D:3: 966 daAuts
     D:2: 788 daAuts
   Sewer: 717 daAuts
     D:1: 517 daAuts
     D:7: 338 daAuts
  Temple: 301 daAuts
